 Dungeon Crawl Stone Soup version 0.17.1-3-g152610e (webtiles) character file.

19919 Xiot the Unseen (level 12, -2/54 HPs)
             Began as a Spriggan Enchanter on Mar 13, 2016.
             Was a High Priest of Nemelex Xobeh.
             Slain by a merfolk
             ... wielding a +0 trident
              (10 damage)
             ... on level 1 of the Shoals.
             The game lasted 01:22:18 (13284 turns).

Xiot the Unseen (Spriggan Enchanter)               Turns: 13284, Time: 01:22:18

Health: -2/54      AC:  4    Str:  9    XL:     12   Next: 40%
Magic:  14/28      EV: 26    Int: 18    God:    Nemelex Xobeh [*****.]
Gold:   788        SH:  0    Dex: 24    Spells: 4 memorised, 22 levels left

rFire  . . .     SeeInvis +     J - +2 dagger (pierce)
rCold  . . .     Clarity  .     b - +1 robe
rNeg   . . .     SustAt   .     (shield restricted)
rPois  .         Gourm    .     (helmet restricted)
rElec  .         Spirit   .     g - +0 cloak
rCorr  .         Warding  .     (gloves unavailable)
rMut   .         Stasis   .     (boots unavailable)
MR     ++...                    (no amulet)
Stlth  ++++++++..               B - ring of wizardry
                                i - +4 ring of dexterity

@: mighty, engulfed (cannot breathe), mesmerised, very slightly contaminated,
very quick, very resistant to hostile enchantments, extraordinarily stealthy
A: unfitting armour, see invisible, herbivore 3, speed 3, slow metabolism 2
a: Triple Draw, Deal Four, Stack Five, Renounce Religion


You were on level 1 of the Shoals.
You worshipped Nemelex Xobeh.
Nemelex Xobeh was extremely pleased with you.
You were not hungry.

You visited 4 branches of the dungeon, and saw 16 of its levels.

You collected 788 gold pieces.

Inventory:

Hand Weapons
 a - a +1 dagger
 J - a +2 dagger of piercing (weapon)
 R - a +2 dagger of venom
Armour
 b - a +1 robe (worn)
 g - a +0 cloak (worn)
Jewellery
 i - a +4 ring of dexterity (left hand)
 B - a ring of wizardry (right hand)
 D - a +2 ring of strength
 N - an uncursed ring of positive energy
Wands
 d - a wand of cold (8)
 A - a wand of fire (9)
 F - a wand of teleportation (0)
 I - a wand of frost (38)
 U - a wand of lightning (9)
 V - a wand of cold (6)
 W - a wand of confusion (28)
Scrolls
 h - 8 scrolls of remove curse
 l - 3 scrolls of enchant armour {unknown}
 m - a scroll of immolation {unknown}
 n - a scroll of silence {unknown}
 p - 7 scrolls of teleportation {unknown}
 t - a scroll of blinking
 y - 9 scrolls of identify {unknown}
Potions
 e - 4 potions of might
 f - 2 potions of haste {unknown}
 j - 2 potions of invisibility {unknown}
 k - 2 potions of agility {unknown}
 o - 3 potions of poison {unknown}
 r - a potion of curing
 u - 2 potions of cure mutation {unknown}
 w - a potion of lignification {unknown}
 H - 4 potions of brilliance {unknown}
 K - a potion of mutation {unknown}
 M - a potion of flight {unknown}
Books
 c - a book of Maledictions

   Spells                             Type                      Level
   a - Corona                         Hexes                        1
   b - Ensorcelled Hibernation        Hexes/Ice                    2
   c - Confuse                        Hexes                        3
   d - Tukima's Dance                 Hexes                        3
   e - Dazzling Spray                 Conjuration/Hexes            3
 v - a book of Burglary

   Spells                             Type                      Level
   a - Swiftness                      Charms/Air                   2
   b - Passwall                       Transmutation/Earth          3
   c - Passage of Golubria            Translocation                4
   d - Lee's Rapid Deconstruction     Earth                        5
   e - Darkness                       Hexes                        6
   f - Invisibility                   Hexes                        6
 C - a book of Enchantments

   Spells                             Type                      Level
   a - Cause Fear                     Hexes                        4
   b - Silence                        Hexes/Air                    5
   c - Deflect Missiles               Charms/Air                   6
   d - Haste                          Charms                       6
   e - Discord                        Hexes                        8
 O - a book of Envenomations

   Spells                             Type                      Level
   a - Spider Form                    Transmutation/Poison         3
   b - Alistair's Intoxication        Transmutation/Poison         4
   c - Olgreb's Toxic Radiance        Poison                       4
   d - Poisonous Cloud                Conjuration/Poison/Air       6
 Y - a book of Flames

   Spells                             Type                      Level
   a - Flame Tongue                   Conjuration/Fire             1
   b - Throw Flame                    Conjuration/Fire             2
   c - Conjure Flame                  Conjuration/Fire             3
   d - Inner Flame                    Hexes/Fire                   3
   e - Sticky Flame                   Conjuration/Fire             4
   f - Fireball                       Conjuration/Fire             5
Miscellaneous
 s - a plain deck of war
 z - a plain deck of destruction
 E - an ornate deck of destruction {drawn: 1}
 G - a plain deck of escape {drawn: 4}
 L - a plain deck of destruction {drawn: 7}
 P - an ornate deck of destruction
 Q - a plain deck of war
 S - an ornate deck of war
 X - a legendary deck of war
Comestibles
 T - 5 bread rations
 Z - 6 fruits


   Skills:
 + Level 1.9 Fighting
 * Level 8.8 Short Blades
 + Level 7.4 Dodging
 + Level 17.3 Stealth
 + Level 11.7 Spellcasting
 + Level 12.2 Hexes
 + Level 3.1 Evocations


You had 22 spell levels left.
You knew the following spells:

 Your Spells              Type           Power        Failure   Level  Hunger
a - Corona                Hex            ######.      1%          1    None
b - Ensorcelled Hibernat  Hex/Ice        ####..       1%          2    None
c - Confuse               Hex            ######..     1%          3    None
d - Invisibility          Hex            ######..     4%          6    ######.


Dungeon Overview and Level Annotations

Branches:
Dungeon (9/15)             Temple (0/1) D:4            Lair (5/8) D:8
 Shoals (1/4) Lair:5       Spider (1/4) Lair:3
    Orc: D:9-12

Altars:
Ashenzari
Dithmenos
Elyvilon
Makhleb
Nemelex Xobeh
Qazlal
Yredelemnul

Annotations:
D:3 Romlok's ghost, amateur VSEn
D:4 Xiot's ghost, amateur SpEn
D:8 Gastronok
Lair:5 exclusion: oklob plant
Shoals:1 Kiel97's ghost, adept DsGl


Innate Abilities, Weirdness & Mutations

You are tiny and cannot use many weapons and most armour.
You have supernaturally acute eyesight.
You are a herbivore.
You cover ground extremely quickly.
You need consume almost no food.


Message History

The siren chants its luring song.
The merfolk is engulfed in poison gas.
The merfolk looks even sicker.
The merfolk hits you from afar with a trident!
* * * LOW HITPOINT WARNING * * *
The merfolk hits you from afar with a trident!
* * * LOW HITPOINT WARNING * * *
The snapping turtle is engulfed in noxious fumes.
The snapping turtle appears confused.
The snapping turtle bites itself but does no damage.
You feel better.
The merfolk is engulfed in poison gas.
The merfolk looks even sicker.
The merfolk misses you.
The siren chants its luring song.
The water elemental hits you.
* * * LOW HITPOINT WARNING * * *
The water elemental engulfs you in water!
The snapping turtle is engulfed in noxious fumes.
The merfolk completely misses you.
The merfolk hits you from afar with a trident!
You die...
Your body glows with a rainbow of weird colours and disappears.

,,,,,≈,≈≈,,#....≈.≈≈≈≈≈.......≈≈≈
,,,,≈≈≈≈≈≈..t....≈≈≈≈≈.........≈≈
,,,,≈≈≈≈≈≈.§§....≈≈≈≈≈†....≈..†≈≈
≈,,,≈≈≈≈≈≈≈≈≈...≈≈≈≈≈≈≈....≈....≈
≈≈,,≈≈≈≈≈≈≈≈≈≈..≈≈≈##≈≈...≈≈≈...≈
≈≈,≈,≈≈..≈≈≈≈≈≈≈.≈§E..≈≈≈≈≈≈≈≈..≈
≈≈≈≈,≈≈..≈≈≈≈≈≈≈.##..≈≈≈≈≈≈≈≈≈≈≈≈
≈≈≈≈≈≈...≈≈≈≈≈≈E##W..≈≈≈≈≈≈≈≈≈≈.≈
≈≈≈≈≈≈≈..≈≈≈≈≈m≈@mm§.§§.≈≈≈≈≈≈..≈
≈≈≈≈≈≈≈.≈≈≈≈≈≈≈≈≈§m§##§.≈≈≈≈≈≈≈≈≈
≈≈≈≈≈≈≈.≈≈..≈≈≈c.......)≈≈.....≈≈
≈≈≈≈≈≈≈≈,##..≈mc§......≈≈..###..≈
≈≈≈≈≈≈..##...≈≈≈........≈≈.# *..≈
≈≈≈≈≈,...§§§.≈≈≈≈≈≈≈...≈≈≈.#**,≈≈
≈≈≈≈≈,...§.§..≈≈≈≈≈≈≈≈≈≈≈≈...,≈≈≈
≈≈≈,,,..###§≈.≈≈≈.≈≈≈≈.≈≈..#..≈≈≈
**>,,*#**#...≈≈......##≈≈.##..,,≈


You could see a snapping turtle (confused), 3 merfolk, 2 fauns, a water
elemental, 2 sirens and Kiel97's ghost.

Vanquished Creatures
  A hydra (Lair:4)
  The ghost of riffraff the Cleaver, a novice DsFi of Okawaru (Lair:1)
  Nergalle (Lair:4)
  Pikel (D:8)
  An orb spider (Spider:1)
  3 griffons (Shoals:1)
  3 black mambas
  A moth of wrath (Spider:1)
  Maurice (D:8)
  A siren (Shoals:1)
  Joseph (D:7)
  The ghost of CcS the Thaumaturge, a novice DECj of Sif Muna (D:6)
  7 spiny frogs
  A fire drake (Lair:2)
  A komodo dragon (Lair:2)
  A jumping spider (Spider:1)
  A spriggan druid (Lair:4)
  A merfolk (Shoals:1)
  A polar bear (Lair:4)
  9 blink frogs
  A water elemental (Shoals:1)
  A tarantella (Spider:1)
  A snapping turtle (Shoals:1)
  A redback (Lair:3)
  Sigmund (D:3)
  5 yaks
  2 hungry ghosts (D:8)
  3 wolves (Lair:4)
  3 hippogriffs
  11 porcupines
  4 water moccasins
  The ghost of Xiot the Sneak, an amateur SpEn (D:5)
  A phantom (D:6)
  4 sky beasts
  2 ogres
  An orc warrior (D:7)
  4 crocodiles
  3 centaurs
  A big kobold (D:8)
  Blork the orc (D:6)
  6 giant frogs
  8 killer bees
  2 crimson imps
  A quasit (D:8)
  2 orc wizards (D:7)
  A jelly (D:5)
  A giant frog skeleton (D:8)
  4 hounds
  6 orc priests
  A gnoll shaman (D:4)
  2 worker ants
  Terence (D:3)
  6 iguanas
  4 sheep (Lair:4)
  12 gnolls
  A worker ant zombie (D:5)
  8 river rats (Lair:1)
  14 adders
  A shadow imp (D:8)
  2 adder skeletons
  An adder zombie (D:5)
  4 worms
  3 giant geckos
  38 orcs
  7 giant cockroaches
  9 hobgoblins
  14 jackals
  6 quokkas
  5 ball pythons
  11 bats
  A giant gecko skeleton (D:5)
  6 giant newts
  6 goblins
  8 kobolds
  11 rats
  A fungus (Lair:2)
303 creatures vanquished.

Vanquished Creatures (collateral kills)
  A sea snake (Shoals:1)
  5 yaks (Lair:3)
  8 sheep (Lair:2)
  A plant (Lair:2)
15 creatures vanquished.

Vanquished Creatures (others)
  2 slaves (D:8)
  A plant (Shoals:1)
3 creatures vanquished.

Grand Total: 321 creatures vanquished

Notes
Turn   | Place    | Note
--------------------------------------------------------------
     0 | D:1      | Xiot the Spriggan Enchanter began the quest for the Orb.
     0 | D:1      | Reached XP level 1. HP: 9/9 MP: 5/5
   379 | D:1      | Reached XP level 2. HP: 10/13 MP: 6/6
   713 | D:1      | Learned a level 2 spell: Ensorcelled Hibernation
   765 | D:1      | Reached skill level 5 in Stealth
  1103 | D:1      | Reached XP level 3. HP: 16/16 MP: 8/8
  1403 | D:2      | Found a stormy altar of Qazlal.
  1590 | D:2      | Found a sparkling altar of Nemelex Xobeh.
  1595 | D:2      | Became a worshipper of Nemelex Xobeh the Trickster
  1642 | D:2      | Found a shattered altar of Ashenzari.
  1655 | D:2      | Found a basalt altar of Yredelemnul.
  1717 | D:2      | Received a gift from Nemelex Xobeh
  1932 | D:2      | Found a faded altar to an unknown god.
  1936 | D:2      | Reached skill level 6 in Stealth
  2205 | D:3      | Reached * piety under Nemelex Xobeh
  2315 | D:3      | Reached XP level 4. HP: 21/21 MP: 9/9
  2457 | D:3      | You fall through a shaft for 2 floors!
  2457 | D:5      | Entered Level 5 of the Dungeon
  2497 | D:4      | Reached skill level 7 in Stealth
  2552 | D:4      | Received a gift from Nemelex Xobeh
  2637 | D:4      | Reached XP level 5. HP: 24/24 MP: 3/10
  2818 | D:4      | Reached skill level 8 in Stealth
  3147 | D:4      | Noticed Xiot's ghost (amateur SpEn)
  3353 | D:4      | Reached ** piety under Nemelex Xobeh
  3552 | D:3      | Noticed Terence
  3556 | D:3      | Killed Terence
  3556 | D:3      | Reached skill level 9 in Stealth
  3556 | D:3      | Reached XP level 6. HP: 28/28 MP: 11/11
  3580 | D:3      | Learned a level 3 spell: Confuse
  3593 | D:3      | Noticed Romlok's ghost (amateur VSEn)
  3729 | D:3      | Noticed Sigmund
  3738 | D:3      | Killed Sigmund
  3738 | D:3      | Reached skill level 10 in Stealth
  3986 | D:4      | Found a shadowy altar of Dithmenos.
  4130 | D:4      | Found a staircase to the Ecumenical Temple.
  4655 | D:5      | HP: 1/28 [orc priest/divine providence (12)]
  4970 | D:6      | Learned a level 6 spell: Invisibility
  4999 | D:6      | Noticed CcS's ghost (novice DECj)
  4999 | D:6      | Reached XP level 7. HP: 32/32 MP: 10/13
  5312 | D:6      | Noticed Blork the orc
  5321 | D:6      | Killed Blork the orc
  5321 | D:6      | Reached skill level 5 in Hexes
  5404 | D:6      | Found a sparkling altar of Nemelex Xobeh.
  5602 | D:6      | Received a gift from Nemelex Xobeh
  5726 | D:5      | Noticed a sky beast
  5730 | D:5      | Noticed a water moccasin
  5734 | D:5      | Killed a sky beast
  5734 | D:5      | Reached skill level 11 in Stealth
  5737 | D:5      | Reached XP level 8. HP: 36/36 MP: 15/15
  5739 | D:5      | Killed a water moccasin
  5749 | D:5      | Reached *** piety under Nemelex Xobeh
  5815 | D:5      | Killed Xiot's ghost
  6061 | D:5      | Received a gift from Nemelex Xobeh
  6118 | D:5      | Noticed a centaur
  6126 | D:5      | Killed a centaur
  6304 | D:6      | Reached skill level 5 in Spellcasting
  6416 | D:6      | Killed CcS's ghost
  6416 | D:6      | Reached skill level 5 in Dodging
  6416 | D:6      | Reached skill level 12 in Stealth
  6590 | D:6      | Reached XP level 9. HP: 40/40 MP: 11/18
  6667 | D:6      | Found a burning altar of Makhleb.
  6800 | D:6      | You fall through a shaft for 3 floors!
  6800 | D:9      | Found a white marble altar of Elyvilon.
  7222 | D:7      | You fall through a shaft!
  7222 | D:8      | Received a gift from Nemelex Xobeh
  7346 | D:8      | Noticed Maurice
  7503 | D:8      | Killed Maurice
  7503 | D:8      | Reached skill level 5 in Short Blades
  7521 | D:8      | Reached skill level 13 in Stealth
  7542 | D:8      | Noticed Gastronok
  7549 | D:8      | HP: 1/40 [Gastronok (39)]
  8334 | D:7      | Reached skill level 1 in Fighting
  8532 | D:7      | Noticed Joseph
  8539 | D:7      | Killed Joseph
  8870 | D:8      | Found a staircase to the Lair.
  8984 | D:8      | Reached XP level 10. HP: 45/45 MP: 9/22
  9082 | D:8      | Noticed a black mamba
  9086 | D:8      | Killed a black mamba
  9281 | D:8      | Noticed Pikel
  9299 | D:8      | Killed Pikel
  9309 | D:8      | Reached **** piety under Nemelex Xobeh
  9381 | D:8      | Reached skill level 10 in Hexes
  9568 | D:8      | Reached skill level 14 in Stealth
  9708 | Lair:1   | Entered Level 1 of the Lair of Beasts
  9709 | Lair:1   | Received a gift from Nemelex Xobeh
  9727 | Lair:1   | Noticed a black mamba
  9750 | Lair:1   | Killed a black mamba
  9829 | Lair:1   | Noticed a black mamba
  9983 | Lair:1   | Noticed riffraff's ghost (novice DsFi)
 10021 | Lair:1   | Killed riffraff's ghost
 10129 | Lair:1   | Received a gift from Nemelex Xobeh
 10220 | Lair:1   | Killed a black mamba
 10274 | Lair:1   | Noticed a black mamba
 10478 | Lair:2   | Reached ***** piety under Nemelex Xobeh
 10757 | Lair:2   | Reached skill level 1 in Evocations
 10782 | Lair:2   | Reached skill level 15 in Stealth
 10782 | Lair:2   | Reached XP level 11. HP: 49/49 MP: 25/25
 10861 | Lair:2   | Received a gift from Nemelex Xobeh
 11006 | Lair:3   | Found a hole to the Spider Nest.
 11027 | Spider:1 | Entered Level 1 of the Spider Nest
 11076 | Spider:1 | Reached skill level 10 in Spellcasting
 11493 | Lair:3   | Received a gift from Nemelex Xobeh
 11869 | Lair:4   | Noticed Nergalle
 11870 | Lair:4   | Received a gift from Nemelex Xobeh
 11881 | Lair:4   | Killed Nergalle
 12023 | Lair:4   | Reached skill level 16 in Stealth
 12039 | Lair:4   | Noticed a four-headed hydra
 12046 | Lair:4   | Killed a four-headed hydra
 12221 | Lair:4   | Reached XP level 12. HP: 33/53 MP: 19/28
 12365 | Lair:4   | Received a gift from Nemelex Xobeh
 12723 | Lair:5   | Received a gift from Nemelex Xobeh
 12926 | Lair:5   | Found a staircase to the Shoals.
 13079 | Shoals:1 | Entered Level 1 of the Shoals
 13079 | Shoals:1 | Received a gift from Nemelex Xobeh
 13170 | Shoals:1 | Reached skill level 17 in Stealth
 13275 | Shoals:1 | Noticed Kiel97's ghost (adept DsGl)
 13283 | Shoals:1 | HP: 1/54 [merfolk/trident (9)]
 13284 | Shoals:1 | Slain by a merfolk

Action                   |  1- 3 |  4- 6 |  7- 9 | 10-12 || total
-------------------------+-------+-------+-------+-------++-------
Melee: Dagger            |   119 |    73 |   272 |   144 ||   608
 Cast: Ensorcelled Hiber |    15 |    42 |   105 |    97 ||   259
       Corona            |     1 |       |     3 |       ||     4
       Confuse           |       |     1 |    12 |    10 ||    23
       Invisibility      |       |       |     1 |     5 ||     6
Evoke: Deck              |       |       |     2 |    39 ||    41
       Wand              |       |       |       |     1 ||     1
  Use: Scroll            |     3 |       |       |     8 ||    11
       Potion            |       |       |       |     7 ||     7
 Stab: Sleeping          |    34 |    42 |    79 |    90 ||   245
       Distracted        |     1 |       |     3 |     2 ||     6
       Confused          |       |       |     7 |     1 ||     8
       Invisible         |       |       |       |     3 ||     3
  Eat: Bread ration      |       |     1 |     2 |       ||     3
       Fruit             |       |       |       |     3 ||     3
